 Dungeon Crawl Stone Soup version 0.25.1-2-g60ff931df9 (webtiles) character file.

Game seed: 3330113463524164528

179 HawFromDerth the Chopper (level 5, -8/46 HPs)
             Began as a Hill Orc Berserker on Sept 25, 2020.
             Was a Believer of Trog.
             Mangled by a gnoll
             ... wielding a +0 halberd
              (13 damage)
             ... on level 4 of the Dungeon.
             The game lasted 00:07:55 (3668 turns).

HawFromDerth the Chopper (Hill Orc Berserker)       Turns: 3668, Time: 00:07:56

Health: -8/46      AC:  5    Str: 21    XL:     5   Next: 59%
Magic:  5/5        EV:  7    Int:  7    God:    Trog [**....]
Gold:   133        SH: 13    Dex: 10    Spells: 4/4 levels left

rFire    + . .     SeeInvis .   a - +0 hand axe
rCold    . . .     Gourm    .   f - +0 tower shield
rNeg     . . .     Faith    .   g - +0 ring mail {rF+}
rPois    .         Spirit   .   (no helmet)
rElec    .         Reflect  .   (no cloak)
rCorr    .         Harm     .   (no gloves)
MR       .....                  (no boots)
Stlth    ..........             (no amulet)
HPRegen  0.15/turn              (no ring)
MPRegen  0.09/turn              (no ring)

@: no status effects
A: no striking features
a: Berserk, Trog's Hand, Renounce Religion


You were on level 4 of the Dungeon.
You worshipped Trog.
Trog was pleased with you.
You were not hungry.

You visited 1 branch of the dungeon, and saw 4 of its levels.

You collected 133 gold pieces.

Inventory:

Hand Weapons
 a - a +0 hand axe (weapon)
Armour
 f - a +0 tower shield (worn)
 g - a +0 ring mail of fire resistance (worn)
Jewellery
 m - a cursed -4 ring of evasion {unknown}
 p - a +6 ring of intelligence {unknown}
Scrolls
 b - a scroll of enchant armour {unknown}
 d - a scroll of teleportation {unknown}
 e - 7 scrolls of identify
 i - 6 scrolls of remove curse {unknown}
 j - a scroll of random uselessness {unknown}
Potions
 k - a potion of flight {unknown}
 l - 2 potions of haste {unknown}
 n - 2 potions of curing {unknown}
 o - a potion of might {unknown}
Comestibles
 c - 3 rations
 h - 3 chunks of flesh


   Skills:
 + Level 4.1 Fighting
 + Level 5.6 Axes
 + Level 3.1 Armour
 + Level 2.4 Dodging
 + Level 2.5 Shields


You had 4 spell levels left.
You didn't know any spells.
Your spell library was empty.

Dungeon Overview and Level Annotations

Branches:
Dungeon (4/15)
 Temple: D:4-7

Altars:
Ashenzari
Elyvilon


Message History

Trog accepts your kill. The gnoll hits you but does no damage.
You slash the orc!
You kill the orc!
Trog accepts your kill. The gnoll completely misses you.
You block the gnoll's attack. The gnoll barely misses you.
You block the gnoll's attack.
Things that are here:
a +0 falchion; an orc corpse You closely miss the gnoll.
You barely miss the gnoll. The gnoll hits you with a +0 halberd!
You block the gnoll's attack. The gnoll hits you with a +0 halberd!
* * * LOW HITPOINT WARNING * * *
The gnoll barely misses you.
You are too injured to fight recklessly!
You are too injured to fight recklessly!
You are too injured to fight recklessly!
The gnoll misses you.
The gnoll hits you from afar with a +0 halberd!
You die...

.# ####....#### .#
#........... .#
#........... .#
#........... .#
#.g...).....
.#############...g###....
[.........'.# #g#####_#
..........#.#.###.###....
......รท...#.#...@.)....[.
.##########'####'########
.# #.........# ##
#.........# #.........#
#.........# #.........#
#.........# #.........#


You could see 2 gnolls.

Vanquished Creatures
  2 orc wizards (D:3)
  3 adders
  A gnoll (D:4)
  2 worms (D:2)
  2 leopard geckos
  7 orcs
  3 giant cockroaches
  9 goblins
  7 hobgoblins
  12 jackals
  6 kobolds
  3 quokkas (D:2)
  3 bats
  5 frilled lizards
  A jackal skeleton (D:3)
  9 rats
75 creatures vanquished.

Notes
Turn   | Place    | Note
-------+----------+-------------------------------------------
     0 | D:1      | HawFromDerth the Hill Orc Berserker began the quest for the
                  | Orb.
     0 | D:1      | Reached XP level 1. HP: 19/19 MP: 1/1
   757 | D:1      | Reached XP level 2. HP: 27/27 MP: 2/2
  1729 | D:2      | Reached XP level 3. HP: 33/33 MP: 3/3
  1748 | D:2      | Reached skill level 1 in Shields
  2002 | D:2      | Reached ** piety under Trog
  2129 | D:2      | Found a white marble altar of Elyvilon.
  2360 | D:3      | Reached XP level 4. HP: 40/40 MP: 4/4
  2360 | D:3      | Reached skill level 5 in Axes
  3054 | D:3      | Reached XP level 5. HP: 45/46 MP: 5/5
  3633 | D:4      | Found a shattered altar of Ashenzari.
  3668 | D:4      | Mangled by a gnoll

Illustrated notes

Levels and vault maps discovered:
D:1:      heliophobic_arrival_dark_side_of_the_moon, layout_basic,
          hangedman_decor_slide_cut, hex_medium
D:2:      layout_rooms, old_standard_altar
D:3:      layout_loops_corners, grunt_ministairs_13, hangedman_decor_lopped,
          hex_large, kennysheep_cluttered_room
D:4:      layout_basic, nicolae_overflow_hidden_temple,
          cheibrodos_ashenzari_chains, minmay_temple_entry_poolview,
          first_ration

Skill      XL: |  1  2  3  4  5 |
---------------+----------------+-----
Fighting       | 4 |  4.1
Shields        | 1 2 |  2.5
Axes           | 5 |  5.6
Dodging        | 2 |  2.4
Armour         | 3 |  3.1

Action                   |  1- 3 |  4- 6 || total
-------------------------+-------+-------++-------
Melee: Hand axe          |   152 |   129 ||   281
Invok: Berserk           |     1 |     1 ||     2
  Use: Scroll            |     2 |       ||     2
  Eat: Chunk             |     6 |     1 ||     7
       Ration            |       |     2 ||     2
Armor: Animal skin       |     1 |       ||     1
       Ring mail         |    68 |    44 ||   112
Dodge: Dodged            |    58 |    23 ||    81
Block: Tower shield      |   121 |    77 ||   198
